 Dungeon Sprint DCSS version 0.19-a0-1903-gead39cf (webtiles) character file.

235 LORDOFBUTT the Covert (level 6, -8/43 HPs)
             Began as an Octopode Assassin on Oct 20, 2016.
             Was an Initiate of Dithmenos.
             Mangled by a troll (11 damage)
             ... in the Dungeon (Sprint IX: "|||||||||||||||||||||||||||||").
             The game lasted 00:01:48 (417 turns).

LORDOFBUTT the Covert (Octopode Assassin)            Turns: 417, Time: 00:01:48

Health: -8/43      AC:  1    Str: 13    XL:     6   Next: 6%
Magic:  6/6        EV: 14    Int: 16    God:    Dithmenos [......]
Gold:   0          SH:  0    Dex: 16    Spells: 0 memorised, 5 levels left

rFire  . . .     SeeInvis .     a - +2 dagger
rCold  . . .     Gourm    .     (no shield)
rNeg   . . .     Faith    .     (helmet restricted)
rPois  .         Spirit   .     (no amulet)
rElec  .         Reflect  .     p - +3 ring of intelligence
rCorr  .         Harm     .     q - +3 ring of strength
MR     .....     NoTele   +     (no ring)
Stlth  +++++++...               (no ring)
                                (no ring)
                                (no ring)
                                (no ring)
                                (no ring)

@: hasted, very quick
A: almost no armour, stealthy swim, amphibious, 8 rings, constrict 8, camouflage
1, gelatinous body 1
a: Renounce Religion


You were in the Dungeon.
You worshipped Dithmenos.
Dithmenos was noncommittal.
You were not hungry.

You visited 1 branch

Inventory:

Hand Weapons
 a - a +2 dagger (weapon)
 b - a +0 blowgun
Missiles
 c - 8 poisoned needles
 d - a curare-tipped needle
Jewellery
 p - a +3 ring of intelligence (left tentacle)
 q - a +3 ring of strength (right tentacle)
Wands
 o - a wand of lightning (7/15)
Scrolls
 k - 2 scrolls of blinking
 m - 3 scrolls of remove curse
 n - 2 scrolls of amnesia
Potions
 e - a potion of invisibility
 g - 2 potions of heal wounds
 i - 4 potions of magic
 j - a potion of berserk rage
 l - 4 potions of curing
Comestibles
 f - a bread ration


   Skills:
 + Level 4.2 Fighting
 + Level 4.6 Short Blades
 + Level 4.2 Throwing
 + Level 2.6 Dodging
 + Level 13.7 Stealth


You had 5 spell levels left.
You didn't know any spells.

Dungeon Overview and Level Annotations

Branches:
Dungeon (1/1)

Altars:
Cheibriados
Dithmenos
Elyvilon
Fedhas
Gozag
Hepliaklqana
Kikubaaqudgha
Makhleb
Nemelex Xobeh
Okawaru
Qazlal
Ru
Sif Muna
Trog
Uskayaw
Vehumet
Xom
Yredelemnul
Zin
The Shining One
Beogh
Jiyva
Lugonu


Innate Abilities, Weirdness & Mutations

You cannot wear most types of armour.
You are very stealthy in the water. (Stealth+)
You are amphibious.
You can wear up to eight rings at the same time.
You can use your tentacles to constrict eight enemies at once.
Your skin changes colour to match your surroundings (Stealth+).
Your rubbery body absorbs attacks. (AC +1, EV +1)


Message History

Dithmenos accepts your kill.
Your Fighting skill increases to level 4!
Your Short Blades skill increases to level 4!
Your Throwing skill increases to level 4!
Your Stealth skill increases to level 13!
You have reached level 6!
Your experience leads to an increase in your attributes!
Your base attributes are Str 10, Int 13, Dex 15.
Increase (S)trength, (I)ntelligence, or (D)exterity?
You feel agile.
You see here a +1 scale mail.
You see here a +0 pair of gloves.
You see here a +0 pair of gloves.
Items here: ))))))
You see here an uncursed staff of energy.
You feel yourself speed up. The troll completely misses you.
The troll claws you!
* * * LOW HITPOINT WARNING * * *
The troll claws you!
You die...

▓)▓
▓'▓
▓.▓
▓.▓
▓H▓
▓F▓
▓Z▓
▓T▓
▓@▓
▓.▓
▓.▓
▓'▓
▓.▓
▓_▓
▓_▓
▓_▓
▓_▓


You could see a hippogriff, a troll, a bullfrog and a bat skeleton.

Vanquished Creatures
  A centaur (D)
  An ogre (D)
  A jelly (D)
  A worker ant (D)
  A gnoll (D)
  A dart slug (D)
  A bat skeleton (D)
  A hobgoblin (D)
  A jackal (D)
  A bat (D)
  2 rats (D)
12 creatures vanquished.

Notes
Turn   | Place    | Note
-------+----------+-------------------------------------------
     0 | D        | LORDOFBUTT the Octopode Assassin began the quest for the Orb.
     0 | D        | Reached XP level 1. HP: 14/14 MP: 1/1
     8 | D        | Reached skill level 6 in Stealth
    89 | D        | Noticed a worker ant
    89 | D        | Noticed a jelly
    91 | D        | Killed a jelly
    91 | D        | Reached skill level 9 in Stealth
    91 | D        | Reached XP level 2. HP: 20/20 MP: 2/2
    91 | D        | Reached XP level 3. HP: 25/25 MP: 3/3
   100 | D        | Reached skill level 10 in Stealth
   100 | D        | Reached XP level 4. HP: 13/31 MP: 4/4
   279 | D        | Found a roughly hewn altar of Beogh.
   279 | D        | Found a snail-covered altar of Cheibriados.
   279 | D        | Found a shadowy altar of Dithmenos.
   279 | D        | Found a white marble altar of Elyvilon.
   279 | D        | Found a blossoming altar of Fedhas.
   279 | D        | Found an opulent altar of Gozag.
   280 | D        | Found a hazy altar of Hepliaklqana.
   281 | D        | Found a viscous altar of Jiyva.
   282 | D        | Found an ancient bone altar of Kikubaaqudgha.
   283 | D        | Found a corrupted altar of Lugonu.
   284 | D        | Found a burning altar of Makhleb.
   285 | D        | Found a sparkling altar of Nemelex Xobeh.
   286 | D        | Found an iron altar of Okawaru.
   287 | D        | Found a stormy altar of Qazlal.
   288 | D        | Found a sacrificial altar of Ru.
   289 | D        | Found a deep blue altar of Sif Muna.
   290 | D        | Found a bloodstained altar of Trog.
   291 | D        | Found a hide-covered altar of Uskayaw.
   292 | D        | Found a radiant altar of Vehumet.
   311 | D        | Found a shimmering altar of Xom.
   312 | D        | Found a basalt altar of Yredelemnul.
   313 | D        | Found a glowing silver altar of Zin.
   314 | D        | Found a glowing golden altar of the Shining One.
   344 | D        | Became a worshipper of Dithmenos the Shadowed
   390 | D        | Noticed a hippogriff
   390 | D        | Noticed a bullfrog
   390 | D        | Noticed a troll
   390 | D        | Noticed an ogre
   390 | D        | Noticed a centaur
   400 | D        | Killed a centaur
   400 | D        | Reached skill level 12 in Stealth
   400 | D        | Reached XP level 5. HP: 32/37 MP: 5/5
   409 | D        | Killed an ogre
   409 | D        | Reached skill level 13 in Stealth
   409 | D        | Reached XP level 6. HP: 15/43 MP: 6/6
   417 | D        | Mangled by a troll

Vault maps used:
D:        linesprint

Skill      XL: |  1  2  3  4  5 |
---------------+----------------+-----
Stealth        | 9 10 12 13 | 13.7
Fighting       | 3 4 |  4.2
Short Blades   | 3 4 |  4.6
Throwing       | 3 4 |  4.2
Dodging        | 2 |  2.6

Action                   |  1- 3 |  4- 6 || total
-------------------------+-------+-------++-------
Melee: Dagger            |    16 |    19 ||    35
       Constrict         |     3 |     1 ||     4
       Tentacles         |     2 |     2 ||     4
 Fire: Blowgun           |       |     1 ||     1
  Use: Potion            |     1 |     2 ||     3
 Stab: Sleeping          |     3 |     1 ||     4
Armor: Skin              |     1 |       ||     1
Dodge: Dodged            |     3 |    11 ||    14
